Map: Catalyst LE

Players

zuka

  • Race: Protoss Protoss
  • League: Master
  • Spawn Location: 11:00

A.I. 1 (Very Easy) - Winner!

  • Race: Terran Terran
  • Spawn Location: 5:00

VOD

https://youtu.be/EuHX0l68pDQ

Description

Time

  • Played on: June 4, 2018, 1:43 p.m.
  • Length: 12:18
Show
View Real Time Build Order
Export as new Build Order

zuka Protoss 

Build Orders: Colossus Rush 

Get SALT Encoding   

  12  0:01  Probe  
  13  0:13  Probe  
  14  0:17  Pylon  
  14  0:23  Probe  
  15  0:31  Probe  
  15  0:38  Gateway  
  15  0:40  Probe  
  16  0:48  Assimilator  
  17  0:52  Probe  
  18  0:57  Assimilator  
  18  1:00  Probe  
  18  1:08  Probe  
  19  1:15  Gateway  
  20  1:19  Probe  
  21  1:29  Cybernetics Core  
  22  1:32  Probe  
  22  1:39  Pylon  
  22  1:44  Probe  
  23  1:57  Probe  
  23  1:59  Warp Gate  
  24  2:06  Stalker x2  
  28  2:09  Probe  
  29  2:18  Pylon  
  30  2:22  Probe  
  30  2:36  Stalker x2  
  34  2:59  Nexus  
  34  3:15  Probe  
  34  3:19  Robotics Facility  
  35  3:23  Probe  
  35  3:32  Probe  
  36  3:36  Pylon  
  37  3:45  Probe  
  38  3:57  Probe  
  38  4:00  Observer  
  39  4:09  Probe  
  41  4:11  Gateway  
  41  4:12  Gateway  
  41  4:13  Probe  
  42  4:21  Probe  
  42  4:22  Immortal  
  47  4:25  Probe  
  48  4:32  Robotics Bay  
  48  4:33  Probe  
  48  4:37  Probe  
  50  4:40  Shield Battery  
  50  4:43  Shield Battery  
  50  4:46  Probe  
  50  4:49  Stalker  
  53  4:54  Stalker  
  53  4:56  Probe  
  56  5:00  Assimilator  
  56  5:03  Assimilator  
  56  5:05  Observer  
  57  5:07  Probe  
  58  5:17  Probe  
  58  5:19  Probe  
  60  5:29  Probe  
  60  5:30  Pylon  
  60  5:31  Probe  
  60  5:33  Pylon  
  60  5:35  Nexus  
  62  5:37  Colossus  
  62  5:41  Extended Thermal Lance  
  62  5:48  Probe x2  
  70  6:00  Stalker, Probe  
  70  6:02  Stalker  
  75  6:07  Pylon  
  75  6:09  Probe  
  76  6:16  Forge  
  76  6:18  Forge  
  76  6:21  Colossus  
  76  6:25  Probe x2  
  84  6:36  Probe x2  
  86  6:42  Protoss Ground Weapons Level 1  
  86  6:43  Protoss Ground Armor Level 1  
  86  6:44  Probe x3  
  86  6:52  Probe  
  86  6:53  Probe  
  89  6:56  Probe  
  92  7:04  Colossus, Probe  
  92  7:05  Probe  
  94  7:08  Pylon  
  94  7:09  Probe  
  101  7:20  Pylon  
  101  7:21  Pylon  
  101  7:22  Pylon  
  101  7:26  Twilight Council  
  101  7:27  Probe x2  
  103  7:30  Probe  
  103  7:33  Assimilator  
  104  7:38  Assimilator  
  104  7:41  Pylon  
  104  7:47  Gateway  
  104  7:49  Gateway  
  104  7:50  Gateway x2  
  104  7:58  Gateway x2  
  104  7:59  Gateway  
  104  8:09  Colossus  
  110  8:15  Stalker x2  
  110  8:16  Stalker x2  
  118  8:20  Protoss Ground Armor Level 2, Protoss Ground Weapons Level 2  
  118  8:21  Probe, Pylon  
  118  8:22  Pylon  
  119  8:27  Probe  
  120  8:50  Stalker x3  
  120  8:51  Stalker x2  
  120  8:52  Stalker x2  
  134  9:00  Templar Archives  
  134  9:21  Charge  
  134  9:22  Nexus  
  134  9:24  Stalker x3, Pylon  
  138  9:26  Pylon  
  138  9:28  Stalker  
  138  9:29  Stalker  
  144  9:45  Stalker x2  
  145  9:46  Stalker x3, Warp Prism  
  145  9:52  Pylon x2  
  155  10:02  Stalker  
  155  10:03  Stalker  
  159  10:11  Stalker x2  
  159  10:12  Stalker  
  165  10:43  Stalker x3  
  165  10:44  Stalker x3  
  165  10:46  Stalker  
  179  11:05  Stalker x2  
  179  11:06  Stalker x4  
Show
View Real Time Build Order
Export as new Build Order

A.I. 1 (Very Easy) Terran - Winner!

Build Orders:  

Get SALT Encoding   

  12  0:00  SCV  
  13  0:13  SCV  
  14  0:18  Supply Depot  
  14  0:36  Refinery  
  14  0:43  Barracks  
  14  1:04  Supply Depot  
  14  1:12  Refinery  
  14  1:30  Marine  
  15  1:33  Orbital Command  
  15  1:58  SCV  
  16  2:10  SCV  
  17  2:19  Marine  
  17  2:22  SCV  
  19  2:34  SCV  
  20  2:38  Barracks Tech Lab  
  20  2:46  SCV  
  21  2:59  SCV  
  22  3:08  Marauder  
  23  3:56  Marine  
  24  6:52  SCV  
  24  6:54  Marine  
  25  6:55  Supply Depot  
  25  6:57  Factory  
  26  7:02  Command Center  
  26  7:05  SCV  
  27  7:17  Supply Depot, SCV  
  28  7:26  Marine  
  28  7:29  SCV  
  26  7:41  SCV  
  26  7:42  Starport  
  27  7:58  Marine  
  28  8:15  SCV  
  29  8:22  SCV  
  29  8:26  Refinery, Starport Tech Lab  
  30  8:29  Refinery, SCV  
  30  8:30  Marine  
  32  8:36  SCV  
  33  8:44  SCV  
  33  8:45  Raven  
  36  8:51  SCV  
  37  8:58  SCV  
  38  9:02  Marine  
  38  9:05  SCV  
  40  9:12  SCV  
  41  9:20  SCV  
  42  9:27  SCV  
  42  9:28  Raven  
  45  9:34  SCV  
  45  9:35  Marauder  
  48  9:41  SCV  
  49  9:48  SCV  
  50  9:55  SCV  
  51  11:14  Marine  
  51  11:18  Supply Depot  
  45  11:21  SCV  
  22  11:33  SCV  
  22  11:45  SCV  
  12  12:01  Supply Depot  
Tags
 
League
Master
Matchup
PvT
Spawn Locations
Cross Positions
Add a new tag
Caveats
  • Supply blocks, unpowered buildings, or Contaminate may cause inaccurate times.
  • Supply counts are checked every 10 seconds.